 Dungeon Sprint DCSS version 0.20-a0-1126-g0f15420 (webtiles) character file.

497 poirepourri the Blocker (level 6, -19/99 HPs)
             Began as a Deep Dwarf Fighter on May 17, 2017.
             Was a High Priest of Makhleb.
             Demolished by a death yak (22 damage)
             ... in the Dungeon (Sprint VII: "The Pits").
             The game lasted 00:02:12 (1080 turns).

poirepourri the Blocker (Deep Dwarf Fighter)        Turns: 1080, Time: 00:02:12

Health: -19/99     AC:  6    Str: 24    XL:     6   Next: 93%
Magic:  6/6        EV: 12    Int:  9    God:    Makhleb [*****.]
Gold:   0          SH: 12    Dex: 14    Spells: 5/5 levels left

rFire    . . .     SeeInvis .   a - +0 war axe
rCold    . . .     Gourm    .   c - +0 shield
rNeg     . . .     Faith    .   b - +0 scale mail
rPois    .         Spirit   .   (no helmet)
rElec    .         Reflect  .   (no cloak)
rCorr    .         Harm     .   (no gloves)
MR       .....     NoTele   +   (no boots)
Stlth    ..........             (no amulet)
Regen    0.0/turn               (no ring)
MPRegen  0.1/turn               (no ring)

@: berserking (expiring), non-regenerating, very quick
A: damage resistance, heal wounds, sense surroundings 1, no regeneration
a: Heal Wounds, Minor Destruction, Lesser Servant of Makhleb, Major Destruction,
Greater Servant of Makhleb, Renounce Religion


You were in the Dungeon.
You worshipped Makhleb.
Makhleb was extremely pleased with you.
You were not hungry.

You visited 1 branch

Inventory:

Hand Weapons
 a - a +0 war axe (weapon)
Armour
 b - a +0 scale mail (worn)
 c - a +0 shield (worn)
 r - a +3 chain mail
Scrolls
 k - a scroll of blinking
 m - 3 scrolls of remove curse
 n - 5 scrolls of amnesia
 o - a scroll of summoning
Potions
 d - a potion of might
 e - 6 potions of curing
 h - a potion of haste
 i - 4 potions of magic
 j - 2 potions of berserk rage
 l - 2 potions of invisibility
Comestibles
 f - 7 bread rations
 p - 40 fruits
 q - 5 meat rations


   Skills:
 + Level 7.4 Fighting
 + Level 9.2 Axes
 - Level 3.2 Armour
 + Level 5.5 Dodging
 + Level 9.7 Shields


You had 5 spell levels left.
You didn't know any spells.

Dungeon Overview and Level Annotations

Branches:
Dungeon (1/1)

Altars:
Ashenzari
Cheibriados
Dithmenos
Elyvilon
Fedhas
Gozag
Hepliaklqana
Kikubaaqudgha
Makhleb
Nemelex Xobeh
Okawaru
Qazlal
Ru
Sif Muna
Trog
Uskayaw
Vehumet
Wu Jian
Xom
Yredelemnul
Zin
The Shining One
Beogh
Jiyva
Lugonu


Innate Abilities, Weirdness & Mutations

You are resistant to damage.
You can heal yourself by infusing magical energy.
You passively map a small area around you.
You do not regenerate.


Message History

The death yak is heavily wounded.
You block the death yak's attack.
You completely miss the death yak.
The death yak is heavily wounded.
The death yak gores you!
* * * LOW HITPOINT WARNING * * *
You completely miss the death yak.
The death yak is heavily wounded.
You hit the death yak but do no damage.
The death yak is heavily wounded.
You block the death yak's attack.
You slash the death yak!
The death yak is severely wounded.
The death yak misses you.
You hit the death yak.
The death yak is severely wounded.
You hit the death yak.
The death yak is severely wounded.
The death yak gores you!!
You die...

#.###'###))##.......#
#.#.†...#))##.......#
*
#.#.....#[.##.......#*
#.####'##'###...<...#*
#(#....†...##.......#*
#.#...††...##.......#
#)###########.......#*
#.......#..##########
#..###..#@###### * *
#.......#Y#....# , *,
##.###.##H#....# *
#.......#.'....+ , *
#..###..#'#....# *
#.......'.#....# , *
################ *


You could see a death yak and a hippogriff.

Vanquished Creatures
  A hungry ghost (D)
  A porcupine (D)
  A centaur (D)
  A crocodile (D)
  A quasit (D)
  A worker ant (D)
  2 white imps (D)
  3 ufetubi (D)
  2 oozes (D)
  A bat skeleton (D)
  A giant cockroach (D)
  A goblin (D)
  2 hobgoblins (D)
  2 jackals (D)
  A frilled lizard (D)
  A leopard gecko zombie (D)
22 creatures vanquished.

Notes
Turn   | Place    | Note
-------+----------+-------------------------------------------
     0 | D        | poirepourri the Deep Dwarf Fighter began the quest for the Orb.
     0 | D        | Reached XP level 1. HP: 20/20 MP: 1/1
    75 | D        | Found a bloodstained altar of Trog.
    75 | D        | Found a deep blue altar of Sif Muna.
    75 | D        | Found a viscous altar of Jiyva.
    75 | D        | Found a hazy altar of Hepliaklqana.
    75 | D        | Found an opulent altar of Gozag.
    76 | D        | Found a glowing golden altar of the Shining One.
    76 | D        | Found a glowing silver altar of Zin.
    76 | D        | Found a basalt altar of Yredelemnul.
    76 | D        | Found a shimmering altar of Xom.
    76 | D        | Found an ornate altar of the Wu Jian Council.
    76 | D        | Found a sacrificial altar of Ru.
    76 | D        | Found a stormy altar of Qazlal.
    76 | D        | Found an iron altar of Okawaru.
    76 | D        | Found a sparkling altar of Nemelex Xobeh.
    76 | D        | Found a burning altar of Makhleb.
    76 | D        | Found a blossoming altar of Fedhas.
    76 | D        | Found a white marble altar of Elyvilon.
    76 | D        | Found a shadowy altar of Dithmenos.
    76 | D        | Found a snail-covered altar of Cheibriados.
    80 | D        | Found a roughly hewn altar of Beogh.
    80 | D        | Found a corrupted altar of Lugonu.
    80 | D        | Found a radiant altar of Vehumet.
    81 | D        | Found a shattered altar of Ashenzari.
    81 | D        | Found an ancient bone altar of Kikubaaqudgha.
    81 | D        | Found a hide-covered altar of Uskayaw.
    92 | D        | Became a worshipper of Makhleb the Destroyer
   365 | D        | Reached * piety under Makhleb
   365 | D        | Reached XP level 2. HP: 19/30 MP: 2/2
   380 | D        | Reached skill level 5 in Shields
   380 | D        | Reached XP level 3. HP: 33/37 MP: 3/3
   391 | D        | Reached ** piety under Makhleb
   393 | D        | Reached skill level 1 in Dodging
   459 | D        | Noticed a centaur
   459 | D        | Noticed a hungry ghost
   478 | D        | Reached skill level 5 in Fighting
   478 | D        | Reached XP level 4. HP: 45/46 MP: 4/4
   485 | D        | Reached *** piety under Makhleb
   515 | D        | Killed a hungry ghost
   515 | D        | Reached XP level 5. HP: 47/56 MP: 5/5
   524 | D        | Killed a centaur
   524 | D        | Reached **** piety under Makhleb
   524 | D        | Reached XP level 6. HP: 38/63 MP: 6/6
   560 | D        | Reached skill level 5 in Dodging
  1040 | D        | Reached ***** piety under Makhleb
  1049 | D        | Noticed a porcupine
  1049 | D        | Noticed a death yak
  1049 | D        | Noticed a hippogriff
  1059 | D        | Killed a porcupine
  1075 | D        | HP: 3/99 [death yak (12)]
  1080 | D        | Demolished by a death yak

Vault maps used:
D:        pitsprint

Skill      XL: |  1  2  3  4  5  6 |
---------------+-------------------+-----
Fighting       | 3 4 5 6 7 |  7.4
Shields        | 4 5 6 7 8 9 |  9.7
Axes           | 3 4 7 9 |  9.2
Dodging        | 2 4 5 |  5.5
Armour         | |  3.2

Action                   |  1- 3 |  4- 6 || total
-------------------------+-------+-------++-------
Melee: War axe           |    52 |    96 ||   148
  Use: Potion            |     1 |     6 ||     7
  Eat: Bread ration      |     1 |       ||     1
       Meat ration       |       |     2 ||     2
Armor: Scale mail        |    54 |    19 ||    73
Dodge: Dodged            |    29 |    23 ||    52
Block: Shield            |    61 |    59 ||   120
